[Event "ICCopen2017"]
[Site "Internet Chess Club"]
[Date "2017.03.19"]
[Round "1"]
[White "Osinger"]
[Black "adypady"]
[Result "0-1"]
[ICCResult "White resigns"]
[WhiteElo "1591"]
[BlackElo "2446"]
[Opening "French: advance, Nimzovich variation"]
[ECO "C02"]
[NIC "FR.03"]
[Time "19:01:02"]
[TimeControl "180+0"]

1. e4 e6 2. d4 d5 3. e5 c5 4. Qg4 Nc6 5. Nf3 cxd4 6. Bd3 Qc7 7. O-O Nge7 8.
Re1 Ng6 9. Qg3 Bd7 10. h4 Nb4 11. h5 Nxd3 12. cxd3 Ne7 13. Bg5 Nf5 14. Qf4
f6 15. Bh4 fxe5 16. Nxe5 Bd6 17. Na3 O-O 18. Rac1 Qb8 19. Nxd7 Bxf4 20. Nxb8
Bxc1 21. Nd7 Bxb2 22. Nb5 Nxh4 23. Nxf8 Rxf8 24. Nxa7 Kf7 25. Rb1 Bc3 26.
Rxb7+ Kf6 27. Nc6 Ra8 28. g3 Nf5 29. g4 Nd6 30. Rd7 Nf7 31. Kg2 Rxa2 32. Kg1
Ne5 33. Nxe5 Kxe5 34. Rxg7 Kf4 35. Kg2 e5 36. g5 Kf5 37. g6 hxg6 38. h6 Ra8
39. Rf7+ Ke6 40. Rb7 Rh8 41. h7 Kf5 42. Kf3 e4+ 43. Ke2 Kf4 44. Rf7+ Kg5 45.
Rd7 exd3+ 46. Kxd3 Kh6 47. f4 Rxh7 48. Rd6 Rf7 49. Rxd5 Rxf4 50. Rd8 Kg5 51.
Ke2 Re4+ 52. Kd3 Re3+ 53. Kc2 Kg4 54. Rg8 g5 55. Kd1 d3 56. Rxg5+ Kxg5
{White resigns}
0-1

[Event "ICCopen2017"]
[Site "Internet Chess Club"]
[Date "2017.03.19"]
[Round "1"]
[White "zxgifteD"]
[Black "Heian"]
[Result "1-0"]
[ICCResult "Black checkmated"]
[WhiteElo "2203"]
[BlackElo "1487"]
[Opening "Vienna game"]
[ECO "C26"]
[NIC "VG.02"]
[Time "19:01:26"]
[TimeControl "180+0"]

1. e4 e5 2. Nc3 Nf6 3. Bc4 Bc5 4. d3 h6 5. h3 Nc6 6. Nge2 d6 7. f4 O-O 8. f5
Nh5 9. g3 Nxg3 10. Nxg3 Qh4 11. Qg4 Qxg4 12. hxg4 Nd4 13. Kd1 a6 14. a3 b5
15. Bd5 c6 16. Ba2 a5 17. g5 hxg5 18. Bxg5 b4 19. Nh5 bxc3 20. Nf6+ gxf6 21.
Bxf6 Re8 22. Rh8# {Black checkmated} 1-0

[Event "ICCopen2017"]
[Site "Internet Chess Club"]
[Date "2017.03.19"]
[Round "1"]
[White "Chisel"]
[Black "Darnoc"]
[Result "0-1"]
[ICCResult "White resigns"]
[WhiteElo "1750"]
[BlackElo "2955"]
[Opening "French: Tarrasch, open variation"]
[ECO "C07"]
[NIC "FR.18"]
[Time "19:01:45"]
[TimeControl "180+0"]

1. e4 e6 2. d4 d5 3. Nd2 c5 4. c3 cxd4 5. cxd4 Nc6 6. exd5 Qxd5 7. Ngf3 Nxd4
8. Qa4+ Nc6 9. Bb5 Bd7 10. O-O a6 11. Bxc6 Bxc6 12. Qg4 Nf6 13. Qh4 Be7 14.
Re1 O-O 15. Nb3 Qh5 16. Qg3 Bxf3 17. gxf3 Rfd8 18. Bf4 Qf5 19. Re5 Qc2 20.
Rg5 Ne8 21. Rc1 Rd1+ 22. Rxd1 Qxd1+ 23. Kg2 Bxg5 24. Bxg5 Nd6 25. Bf6 Nf5
26. Qg5 h6 27. Qg4 Qc2 28. Nd4 Ne3+ {White resigns} 0-1

[Event "ICCopen2017"]
[Site "Internet Chess Club"]
[Date "2017.03.19"]
[Round "1"]
[White "mirpele-murpele"]
[Black "Svinotigr"]
[Result "1-0"]
[ICCResult "Black resigns"]
[WhiteElo "2619"]
[BlackElo "1664"]
[Opening "King's pawn opening"]
[ECO "B07"]
[NIC "VO.17"]
[Time "19:01:43"]
[TimeControl "180+0"]

1. e4 d6 2. d4 Nd7 3. Nc3 e5 4. Nf3 g6 5. Bc4 Bg7 6. dxe5 dxe5 7. Qd5 Qe7 8.
Nb5 Nb6 9. Qd3 Nf6 10. b3 O-O 11. Ba3 c5 12. Qd6 Qxd6 13. Nxd6 Nxc4 14. bxc4
b6 15. O-O Rd8 16. Rad1 Bg4 17. Rd3 Bxf3 18. gxf3 Bf8 19. Rfd1 Bxd6 20. Rxd6
Rxd6 21. Rxd6 Kg7 22. Bb2 Re8 23. Rc6 Re7 24. Kf1 Nh5 25. Rc7 Rxc7 26. Bxe5+
Nf6 27. Bxc7 Kf8 28. Ke2 Ke7 29. Ke3 Kd7 30. Be5 Nh5 31. a4 a6 32. f4 Kc6
33. f5 gxf5 34. exf5 b5 35. cxb5+ axb5 36. axb5+ Kxb5 37. Kf3 Kc4 38. Kg4
Kd5 39. Bh8 {Black resigns} 1-0

[Event "ICCopen2017"]
[Site "Internet Chess Club"]
[Date "2017.03.19"]
[Round "1"]
[White "Kusox"]
[Black "Paganini2"]
[Result "1-0"]
[ICCResult "Black resigns"]
[WhiteElo "2073"]
[BlackElo "1437"]
[Opening "Queen's pawn game, Krause variation"]
[ECO "D02"]
[NIC "QP.08"]
[Time "19:01:53"]
[TimeControl "180+0"]

1. d4 d5 2. Nf3 c5 3. dxc5 e6 4. e3 Nf6 5. c3 Bxc5 6. b4 Bd6 7. Bb2 O-O 8.
a3 e5 9. Nbd2 Bg4 10. Be2 Nc6 11. h3 Bh5 12. c4 e4 13. Nd4 Bxe2 14. Nxc6
Bxd1 15. Nxd8 Raxd8 16. Rxd1 Bc7 17. Bxf6 gxf6 18. cxd5 Rxd5 19. Nxe4 Rxd1+
20. Kxd1 f5 21. Nc5 b6 22. Nb3 Rd8+ 23. Ke2 Be5 24. Rd1 Rxd1 25. Kxd1 f6 26.
b5 Bb2 27. a4 Bc3 28. Kc2 Be1 29. f3 Bf2 30. Kd3 Be1 31. Nd4 Bb4 32. Nxf5
Kf7 33. Kc4 Bd2 34. Kd5 h5 35. g4 hxg4 36. fxg4 Kg6 37. h4 Kf7 38. e4 Kg6
39. e5 fxe5 40. Kxe5 Bc3+ 41. Ke6 Bf6 42. g5 Bd4 43. Nxd4 {Black resigns}
1-0

[Event "ICCopen2017"]
[Site "Internet Chess Club"]
[Date "2017.03.19"]
[Round "1"]
[White "FGM21"]
[Black "alan2015"]
[Result "0-1"]
[ICCResult "White forfeits on time"]
[WhiteElo "1895"]
[BlackElo "1403"]
[Opening "Scotch game"]
[ECO "C45"]
[NIC "SO.05"]
[Time "19:00:42"]
[TimeControl "180+0"]

1. e4 e5 2. Nf3 Nc6 3. d4 exd4 4. Nxd4 Bc5 5. Nxc6 Qf6 6. Qd2 dxc6 7. Nc3
Be6 8. Bd3 O-O-O 9. Na4 Bb6 10. Nxb6+ axb6 11. O-O Ne7 12. a4 Kb8 13. a5 b5
14. a6 b6 15. Qe2 Ka7 16. c4 b4 17. Be3 Rd7 18. c5 Rhd8 19. cxb6+ cxb6 20.
Bc4 Bxc4 21. Qxc4 Qxb2 22. h3 Qc3 23. Qe2 c5 24. Rfc1 Qd3 25. Qh5 Qxe4 26.
Re1 Qd5 27. Rac1 Qxh5 28. g4 Qxh3 29. Rc4 Nd5 30. Bg5 f6 31. Bd2 Qd3
{White forfeits on time}
0-1

[Event "ICCopen2017"]
[Site "Internet Chess Club"]
[Date "2017.03.19"]
[Round "1"]
[White "Irenaeus"]
[Black "saya"]
[Result "0-1"]
[ICCResult "White resigns"]
[WhiteElo "1717"]
[BlackElo "2821"]
[Opening "Sicilian: closed"]
[ECO "B23"]
[NIC "SI.44"]
[Time "19:01:45"]
[TimeControl "180+0"]

1. e4 c5 2. Nc3 a6 3. g3 b5 4. Bg2 Bb7 5. d3 e6 6. Nh3 Nf6 7. O-O d6 8. f4
Qc7 9. Qe2 Nbd7 10. a4 b4 11. Nd1 a5 12. c3 Be7 13. Ndf2 O-O 14. c4 Rfe8 15.
b3 Bf8 16. Bb2 Rad8 17. Rac1 Qb8 18. Ng4 Nxg4 19. Qxg4 d5 20. e5 dxc4 21.
dxc4 Bxg2 22. Kxg2 g6 23. Ng5 Bg7 24. Qh4 Qb7+ 25. Kg1 Nf8 26. Rcd1 h6 27.
Rxd8 Rxd8 28. Nf3 Rd3 29. Ne1 Rxb3 30. Bc1 Qe4 31. f5 exf5 32. Bxh6 Qxh4
{White resigns}
0-1

[Event "ICCopen2017"]
[Site "Internet Chess Club"]
[Date "2017.03.19"]
[Round "1"]
[White "Parsifal"]
[Black "arnav311004"]
[Result "1-0"]
[ICCResult "Black resigns"]
[WhiteElo "2411"]
[BlackElo "1578"]
[Opening "Pirc defense"]
[ECO "B07"]
[NIC "PU.04"]
[Time "19:01:58"]
[TimeControl "180+0"]

1. d4 Nf6 2. Nc3 g6 3. e4 d6 4. f3 Bg7 5. Be3 O-O 6. Nge2 e5 7. Qd2 Nc6 8.
O-O-O exd4 9. Nxd4 Bd7 10. h4 a6 11. Kb1 b5 12. Nxc6 Bxc6 13. Bh6 Qe7 14.
Bxg7 Kxg7 15. Qg5 Rae8 16. Bd3 Qe5 17. Qd2 b4 18. Ne2 a5 19. h5 Kh8 20. hxg6
fxg6 21. Qh6 Qe7 22. Qxg6 Rg8 23. Qh6 Rxg2 24. Nf4 Rg7 25. Ng6+ Rxg6 26.
Qxg6 Rg8 27. Qh6 Rg6 28. Qxg6 Be8 29. Qg5 Bf7 30. e5 dxe5 31. Rxh7+
{Black resigns}
1-0

[Event "ICCopen2017"]
[Site "Internet Chess Club"]
[Date "2017.03.19"]
[Round "1"]
[White "sebby"]
[Black "EngHany"]
[Result "0-1"]
[ICCResult "White forfeits on time"]
[WhiteElo "1176"]
[BlackElo "1844"]
[Opening "Caro-Kann defense"]
[ECO "B10"]
[NIC "CK.01"]
[Time "19:00:45"]
[TimeControl "180+0"]

1. e4 c6 2. g3 d5 3. e5 Bf5 4. b3 e6 5. Bb2 Nd7 6. Nf3 h6 7. Bg2 Ne7 8. O-O
Rc8 9. d4 c5 10. c3 Nc6 11. Ba3 cxd4 12. cxd4 Bxa3 13. Nxa3 Nb4 14. Nb5 O-O
15. Nxa7 Rc2 16. a3 Nc6 17. a4 Nxa7 18. Nh4 Bh7 19. b4 Nb6 20. b5 Nc4 21.
Nf3 Nc8 22. Rc1 Rxc1 23. Qxc1 Qa5 24. Ne1 N8b6 25. Nc2 Qxa4 26. Ne3 Qxb5 27.
Nxc4 Nxc4 28. Re1 Ra8 29. Bf1 Qb4 30. Re2 b5 31. f4 Bd3 32. Re1 Bxf1 33.
Rxf1 Ra2 34. Rf2 Nd2 35. Kg2 Qxd4 36. f5 Qe4+ 37. Kh3 Nf3 38. Rxa2 Ng5+ 39.
Qxg5 hxg5 {White forfeits on time} 0-1

[Event "ICCopen2017"]
[Site "Internet Chess Club"]
[Date "2017.03.19"]
[Round "1"]
[White "Alright2015"]
[Black "Kronus"]
[Result "1-0"]
[ICCResult "Black checkmated"]
[WhiteElo "2260"]
[BlackElo "1509"]
[Opening "Réti opening"]
[ECO "A04"]
[NIC "QP.11"]
[Time "19:00:55"]
[TimeControl "180+0"]

1. Nf3 d6 2. d4 f5 3. Nc3 e6 4. e4 fxe4 5. Nxe4 Nf6 6. Ng3 Be7 7. Bd3 c6 8.
c3 d5 9. Qc2 Nbd7 10. Bg5 O-O 11. O-O-O b5 12. Ne5 a5 13. Nxc6 Qe8 14. Rde1
Bb7 15. Nxe7+ Qxe7 16. Nf5 Qf7 17. Nd6 Qe7 18. Nxb7 b4 19. Nc5 Nxc5 20. dxc5
bxc3 21. Qxc3 d4 22. Qxd4 Rfd8 23. Bxf6 gxf6 24. Qg4+ Kh8 25. Qe4 Qxc5+ 26.
Kb1 Ra7 27. Rc1 Qb4 28. Qxb4 axb4 29. Rhd1 Rda8 30. Bc4 Re7 31. Rd6 Ra5 32.
Rxe6 Rxe6 33. Bxe6 Re5 34. Bg4 Kg7 35. a4 Rd5 36. Kc2 Rc5+ 37. Kd1 Rd5+ 38.
Ke2 Re5+ 39. Kf1 Rd5 40. Ra1 Ra5 41. Be2 Kf7 42. Bb5 Ke6 43. Rc1 Ke5 44. Rc6
Kf5 45. Ra6 Rxa6 46. Bxa6 Ke4 47. Ke2 Kd4 48. Kf3 Kc5 49. Kf4 b3 50. Kf5 Kd4
51. Kxf6 Ke4 52. g4 Kf3 53. g5 Kxf2 54. h4 Ke1 55. h5 Kd1 56. g6 hxg6 57.
hxg6 Kc1 58. g7 Kxb2 59. g8=Q Ka2 60. Bc4 Ka3 61. Bxb3 Kb4 62. Qc4+ Ka5 63.
Qb5# {Black checkmated} 1-0

[Event "ICCopen2017"]
[Site "Internet Chess Club"]
[Date "2017.03.19"]
[Round "1"]
[White "JESSEJOSE"]
[Black "Astigmatist"]
[Result "0-1"]
[ICCResult "White resigns"]
[WhiteElo "1463"]
[BlackElo "2001"]
[Opening "Scandinavian defense"]
[ECO "B01"]
[NIC "SD.03"]
[Time "19:03:06"]
[TimeControl "180+0"]

1. e4 d5 2. exd5 Nf6 3. Nc3 Nxd5 4. Nxd5 Qxd5 5. Ne2 e5 6. Nc3 Qd6 7. Bc4
Nc6 8. d3 a6 9. Be3 Be6 10. Bxe6 Qxe6 11. Qd2 O-O-O 12. O-O-O h6 13. Qe2 f5
14. f3 Bb4 15. Bd2 Bxc3 16. Bxc3 Qxa2 17. b3 Rhe8 18. Kd2 Qa3 19. Ra1 Qc5
20. Qe3 Nd4 21. Bxd4 exd4 22. Qf4 Qc3+ 23. Kd1 Qxa1+ {White resigns} 0-1

[Event "ICCopen2017"]
[Site "Internet Chess Club"]
[Date "2017.03.19"]
[Round "1"]
[White "lmenezes"]
[Black "Barbos"]
[Result "0-1"]
[ICCResult "White resigns"]
[WhiteElo "1647"]
[BlackElo "2533"]
[Opening "Trompowsky attack (Ruth, Opocenský opening)"]
[ECO "A45"]
[NIC "QP.07"]
[Time "19:00:45"]
[TimeControl "180+0"]

1. d4 Nf6 2. Bg5 c5 3. Bxf6 gxf6 4. c3 e6 5. e3 d5 6. g3 Nc6 7. Bg2 f5 8.
Nf3 Qb6 9. Qb3 c4 10. Qxb6 axb6 11. Nbd2 b5 12. b3 Ba3 13. bxc4 bxc4 14. Rb1
Bd6 15. O-O Rxa2 16. Ra1 Rxa1 17. Rxa1 Kd8 18. h4 h6 19. Ne1 Kc7 20. Nc2 b5
21. Rb1 Ba6 22. Rb2 Rb8 23. Nb1 b4 24. cxb4 Nxb4 25. Nca3 Nc6 26. Rxb8 Kxb8
27. Nc2 Nb4 28. Nba3 Nxc2 29. Nxc2 Bb5 30. Bf1 Ba4 31. Ne1 Bb4 32. Nf3 f6
33. h5 c3 34. Bd3 c2 35. Bxc2 Bxc2 36. Nh4 Kc7 37. Ng6 Kd7 38. Nf4 Bd6 39.
Kf1 Bxf4 40. gxf4 Bd1 41. Kg2 Bxh5 {White resigns} 0-1

[Event "ICCopen2017"]
[Site "Internet Chess Club"]
[Date "2017.03.19"]
[Round "1"]
[White "manest"]
[Black "carpedef"]
[Result "1-0"]
[ICCResult "Black resigns"]
[WhiteElo "2850"]
[BlackElo "1722"]
[Opening "King's Indian: fianchetto, classical variation"]
[ECO "E67"]
[NIC "KI.65"]
[Time "19:00:48"]
[TimeControl "180+0"]

1. d4 Nf6 2. c4 g6 3. g3 Bg7 4. Bg2 d6 5. Nc3 O-O 6. Nf3 Nbd7 7. O-O e5 8.
Qc2 Qe7 9. Rd1 c6 10. e4 Re8 11. Be3 Nf8 12. c5 exd4 13. cxd6 Qxd6 14. Nxd4
Qe7 15. h3 N6d7 16. Rac1 Nb6 17. b3 Bd7 18. Nde2 Ne6 19. a4 Nc8 20. f4 Rd8
21. e5 f6 22. exf6 Bxf6 23. Ne4 Bg7 24. Bf2 Nb6 25. Nd6 Rab8 26. f5 Ng5 27.
h4 Nf7 28. Nxf7 Qxf7 29. fxg6 hxg6 30. Be4 Rf8 31. Nf4 Bf5 32. Bc5 Bxe4 33.
Qxe4 Rfe8 34. Qxg6 Rbd8 35. Qxf7+ Kxf7 36. Rxd8 Rxd8 37. a5 Nc8 38. Rf1 Kg8
39. Ne6 Rd3 40. Nxg7 Kxg7 41. Kg2 Rxb3 42. Bd4+ Kg8 43. h5 Nd6 44. Rf6 Nf7
45. Rg6+ Kf8 46. Bc5+ Ke8 47. h6 Rb2+ 48. Bf2 Ne5 49. Re6+ Kf7 50. Rxe5 b5
51. axb6 axb6 52. Rh5 Kg8 53. h7+ Kh8 54. Kf3 Rb3+ 55. Ke4 Rb4+ 56. Bd4+
Rxd4+ 57. Kxd4 {Black resigns} 1-0

[Event "ICCopen2017"]
[Site "Internet Chess Club"]
[Date "2017.03.19"]
[Round "1"]
[White "M-Ezat"]
[Black "DaveyJones"]
[Result "1-0"]
[ICCResult "Black checkmated"]
[WhiteElo "2275"]
[BlackElo "1516"]
[Opening "Dutch with c4 & Nc3"]
[ECO "A85"]
[NIC "HD.05"]
[Time "19:01:05"]
[TimeControl "180+0"]

1. d4 f5 2. c4 Nf6 3. Nc3 g6 4. g3 Bg7 5. Bg2 d6 6. Nh3 O-O 7. O-O Qe8 8.
Nf4 c6 9. d5 e5 10. dxe6 Bxe6 11. Qxd6 Bxc4 12. Qb4 Qf7 13. b3 Ba6 14. Bb2
Nbd7 15. Rad1 Rad8 16. Qd6 Rde8 17. Rfe1 Nb6 18. Qa3 Ne4 19. Nxe4 fxe4 20.
Bxg7 Kxg7 21. Qb2+ Kg8 22. e3 g5 23. Nh3 h6 24. Rd6 Nd5 25. Rxh6 g4 26. Qh8#
{Black checkmated}
1-0

[Event "ICCopen2017"]
[Site "Internet Chess Club"]
[Date "2017.03.19"]
[Round "1"]
[White "Pschaak"]
[Black "OparinGrigoriy"]
[Result "0-1"]
[ICCResult "White resigns"]
[WhiteElo "1711"]
[BlackElo "2805"]
[Opening "Trompowsky attack (Ruth, Opocenský opening)"]
[ECO "A45"]
[NIC "QP.07"]
[Time "19:01:12"]
[TimeControl "180+0"]

1. d4 Nf6 2. Bg5 g6 3. Bxf6 exf6 4. e3 Bg7 5. Nd2 O-O 6. c3 f5 7. Bd3 c6 8.
Ne2 d5 9. O-O Nd7 10. c4 dxc4 11. Bxc4 Nf6 12. Qc2 Qe7 13. Rac1 Rd8 14. a3
Nd5 15. Nc3 Nb6 16. Bd3 h5 17. Nc4 Be6 18. Nxb6 axb6 19. Ne2 h4 20. Nf4 Bd7
21. g3 Bh6 22. Bc4 Kg7 23. Qc3 Qf6 24. d5 c5 25. Qxf6+ Kxf6 26. Nd3 Bf8 27.
Rfd1 Bd6 28. Nf4 b5 29. Be2 c4 30. Bf3 g5 31. Ne2 Rh8 32. Nc3 Rh6 33. Kg2
Rah8 34. e4 hxg3 35. hxg3 g4 36. e5+ Bxe5 37. Be4 fxe4 38. Nxe4+ Kf5 39. Nc5
Rd6 40. Nxb7 Rdh6 41. Nc5 Bc8 42. Kf1 Bd6 43. b4 cxb3 44. Nxb3 Rh1+ 45. Ke2
Re8+ 46. Kd2 Rxd1+ 47. Rxd1 Bd7 48. Nd4+ Ke4 49. Kc3 Rc8+ 50. Kb3 Ra8 51.
Nc2 Ke5 52. Re1+ Kxd5 53. Rd1+ Kc5 54. Nb4 Be6+ 55. Kb2 Be5+ 56. Kb1 Rxa3
57. Nd3+ Rxd3 58. Rxd3 Bf5 59. Kc2 Bxd3+ 60. Kxd3 Kd5 {White resigns} 0-1

[Event "ICCopen2017"]
[Site "Internet Chess Club"]
[Date "2017.03.19"]
[Round "1"]
[White "niftyleopard"]
[Black "dashingfox"]
[Result "0-1"]
[ICCResult "White forfeits on time"]
[WhiteElo "1143"]
[BlackElo "1839"]
[Opening "Scotch game"]
[ECO "C45"]
[NIC "SO.05"]
[Time "19:00:42"]
[TimeControl "180+0"]

1. e4 e5 2. Nf3 Nc6 3. d4 exd4 4. Nxd4 Bc5 5. Be3 Qf6 6. c3 Nge7 7. Bc4 O-O
8. O-O Bb6 9. Re1 d6 10. Bb3 Qg6 11. Qf3 Bg4 12. Qg3 Bh5 13. Qxg6 Bxg6 14.
f3 Ne5 15. Nd2 Nd3 16. Re2 Nxb2 17. Nc4 Nxc4 18. Bxc4 Nc6 19. Nxc6 bxc6 20.
Bxb6 cxb6 21. Bb3 Rfe8 22. Rd1 Rad8 23. Red2 d5 24. exd5 cxd5 25. Rxd5 Rxd5
26. Rxd5 h6 27. Ba4 Re1+ 28. Kf2 Ra1 29. Bb3 Rc1 30. Rd8+ Kh7 31. Rc8 Bc2
32. Bxc2+ Rxc2+ 33. Ke3 Rxa2 34. Kf4 Rxg2 35. Rc7 a5 36. Rxf7 Rxh2 37. Rb7
Rb2 38. Kf5 a4 39. Ke6 a3 40. Kf7 Rf2 {White forfeits on time} 0-1

[Event "ICCopen2017"]
[Site "Internet Chess Club"]
[Date "2017.03.19"]
[Round "1"]
[White "ladrife"]
[Black "Reti"]
[Result "0-1"]
[ICCResult "White forfeits on time"]
[WhiteElo "1493"]
[BlackElo "2239"]
[Opening "QGD Slav defense, Alekhine variation"]
[ECO "D10"]
[NIC "SL.01"]
[Time "19:00:58"]
[TimeControl "180+0"]

1. d4 d5 2. c4 c6 3. Nc3 dxc4 4. e4 b5 5. a4 b4 6. Na2 Nf6 7. f3 e5 8. dxe5
Qxd1+ 9. Kxd1 Nfd7 10. f4 Ba6 11. Nf3 c5 12. Be3 c3 13. bxc3 b3 14. Bxa6
Nxa6 15. Nd2 Rb8 16. Nc4 bxa2 17. Kc2 Nb6 18. Nd6+ Bxd6 19. exd6 Nc4 20. Bf2
Rb2+ 21. Kd3 Nxd6 22. e5 Rxf2 23. exd6 Kd7 24. Kc4 Kxd6 25. Rhd1+ Kc6 26. g3
Re8 27. Kb3 Ree2 28. Kc4 Rxh2 {White forfeits on time} 0-1

[Event "ICCopen2017"]
[Site "Internet Chess Club"]
[Date "2017.03.19"]
[Round "1"]
[White "BryanL"]
[Black "simplerxiao"]
[Result "1-0"]
[ICCResult "Black checkmated"]
[WhiteElo "1977"]
[BlackElo "1455"]
[Opening "two knights defense: Kieseritsky variation"]
[ECO "C58"]
[NIC "KP.01"]
[Time "19:01:08"]
[TimeControl "180+0"]

1. e4 e5 2. Nf3 Nc6 3. Bc4 Nf6 4. Ng5 d5 5. exd5 Na5 6. d3 h6 7. Nf3 e4 8.
Qe2 Qe7 9. dxe4 Nxc4 10. Qxc4 Nxe4 11. O-O Bf5 12. Re1 O-O-O 13. Nc3 Nd6 14.
Qc5 Qf6 15. Qxa7 g5 16. Qa8+ Kd7 17. Ne5+ Qxe5 18. Qxd8+ Kxd8 19. Rxe5 Bg7
20. Re2 b5 21. Be3 b4 22. Na4 Kd7 23. Nc5+ Kc8 24. Rb1 Nc4 25. Nd3 Re8 26.
Nxb4 Bxb2 27. Nd3 Ba3 28. h3 Kd7 29. Kf1 Bg6 30. Bc5 Rxe2 31. Kxe2 Bxd3+ 32.
cxd3 Bxc5 33. dxc4 Kd6 34. f3 f5 35. a4 Bb6 36. Rb5 Ba7 37. a5 Kd7 38. a6
Kc8 39. c5 h5 40. c6 Bb6 41. Rxb6 cxb6 42. d6 b5 43. a7 Kd8 44. a8=Q#
{Black checkmated}
1-0

[Event "ICCopen2017"]
[Site "Internet Chess Club"]
[Date "2017.03.19"]
[Round "1"]
[White "MLorenzini"]
[Black "Persi"]
[Result "1-0"]
[ICCResult "Black forfeits on time"]
[WhiteElo "1839"]
[BlackElo "1327"]
[Opening "French: Tarrasch, open, 4.ed ed"]
[ECO "C08"]
[NIC "FR.21"]
[Time "19:01:10"]
[TimeControl "180+0"]

1. e4 e6 2. d4 d5 3. Nd2 c5 4. exd5 exd5 5. Ngf3 Bg4 6. Bb5+ Nc6 7. h3 Bh5
8. O-O cxd4 9. Re1+ Be7 10. Nb3 a6 11. Bxc6+ bxc6 12. Nbxd4 Qc7 13. Bg5 Nf6
14. Bxf6 gxf6 15. Nf5 Bg6 16. Rxe7+ Qxe7 17. Nxe7 Kxe7 18. Qe1+ Kd7 19. Qc3
Rhe8 20. Re1 Rxe1+ 21. Qxe1 Re8 22. Qb4 Kc7 23. Nd4 Re4 24. Qc5 Re6 25.
Nxe6+ fxe6 26. Qe7+ Kb6 27. Qxf6 Bxc2 28. Qd8+ Kc5 29. Qe7+ Kb5 30. Qb7+ Kc5
31. Qxa6 d4 32. Kf1 d3 33. Ke1 e5 34. Kd2 e4 35. g4 e3+ 36. fxe3 Kd5 37. Qb6
h6 38. Qd4+ Ke6 39. Qc5 Kd7 40. Qe5 h5 41. gxh5 Ba4 42. Qd4+
{Black forfeits on time}
1-0

[Event "ICCopen2017"]
[Site "Internet Chess Club"]
[Date "2017.03.19"]
[Round "1"]
[White "COMBINATOR35"]
[Black "leole51"]
[Result "1-0"]
[ICCResult "Black resigns"]
[WhiteElo "2345"]
[BlackElo "1579"]
[Opening "Ruy Lopez: Morphy defense"]
[ECO "C77"]
[NIC "RL.12"]
[Time "19:01:20"]
[TimeControl "180+0"]

1. e4 e5 2. Nf3 Nc6 3. Bb5 a6 4. Ba4 Nf6 5. d4 exd4 6. O-O Be7 7. e5 Ne4 8.
Nxd4 Nc5 9. Bxc6 dxc6 10. Nc3 O-O 11. Be3 a5 12. f4 f5 13. Qf3 Qe8 14. Rad1
Ne6 15. Nce2 c5 16. Nxe6 Bxe6 17. b3 c6 18. c4 b5 19. Rc1 b4 20. Rfd1 a4 21.
Qf2 axb3 22. axb3 Ra2 23. Rd2 Rxd2 24. Bxd2 Qd7 25. Be3 Rd8 26. Re1 Qd3 27.
Bxc5 Bxc5 28. Qxc5 Qxb3 29. Qe7 Qe3+ 30. Kf1 Bxc4 31. Qxd8+ Kf7 32. Qc7+ Kf8
33. Qd6+ Kg8 34. Qxc6 Qxf4+ 35. Qf3 Qxh2 36. Qa8+ Kf7 37. Qb7+ Kg6 38. Qc6+
Kh5 39. Qxc4 {Black resigns} 1-0

[Event "ICCopen2017"]
[Site "Internet Chess Club"]
[Date "2017.03.19"]
[Round "1"]
[White "Federicov"]
[Black "sarge"]
[Result "1-0"]
[ICCResult "Black resigns"]
[WhiteElo "3106"]
[BlackElo "1771"]
[Opening "Queen's Pawn"]
[ECO "A41"]
[NIC "QO.17"]
[Time "19:02:10"]
[TimeControl "180+0"]

1. d4 d6 2. Nf3 c6 3. Nc3 Qc7 4. e4 e5 5. a4 h6 6. Bc4 Nf6 7. O-O Be7 8. h3
g5 9. dxe5 dxe5 10. Nh2 Nbd7 11. Re1 Nf8 12. Nf1 Ng6 13. Ng3 Nf4 14. Nf5 Bf8
15. b3 h5 16. Bb2 Nh7 17. Nd5 cxd5 18. exd5 f6 19. d6 Qd7 20. Bb5 a6 21.
Bxd7+ Bxd7 22. Bxe5 fxe5 23. Rxe5+ Kd8 24. Qd4 Ne6 25. Qb6+ Ke8 26. Qxb7 Nf6
27. Rxe6+ Kf7 28. Rxf6+ Kxf6 29. Qxd7 {Black resigns} 1-0

[Event "ICCopen2017"]
[Site "Internet Chess Club"]
[Date "2017.03.19"]
[Round "1"]
[White "tirandopiezas"]
[Black "Ernie1"]
[Result "1-0"]
[ICCResult "Black resigns"]
[WhiteElo "1856"]
[BlackElo "1283"]
[Opening "Caro-Kann: two knights variation"]
[ECO "B11"]
[NIC "CK.01"]
[Time "19:02:02"]
[TimeControl "180+0"]

1. e4 c6 2. Nc3 d5 3. Nf3 dxe4 4. Nxe4 Nf6 5. Ng3 Bg4 6. Bc4 e6 7. O-O Bd6
8. d3 O-O 9. Bg5 Be7 10. Qe2 Nd5 11. Bd2 Bg5 12. Bxg5 Bxf3 13. Qxf3 Qxg5 14.
Ne4 Qf4 15. Qe2 f5 16. g3 Qc7 17. Nc5 Rf6 18. Nxe6 Qd6 19. Rae1 Nd7 20. Nf4
Kh8 21. Bxd5 cxd5 22. d4 g5 23. Nd3 Kg7 24. Qe7+ Qxe7 25. Rxe7+ Rf7 26. Rfe1
Rxe7 27. Rxe7+ {Black resigns} 1-0

[Event "ICCopen2017"]
[Site "Internet Chess Club"]
[Date "2017.03.19"]
[Round "1"]
[White "cloak1"]
[Black "colombier"]
[Result "1-0"]
[ICCResult "Black resigns"]
[WhiteElo "1908"]
[BlackElo "1345"]
[Opening "French: Tarrasch"]
[ECO "C03"]
[NIC "FR.14"]
[Time "19:01:48"]
[TimeControl "180+0"]

1. e4 e6 2. d4 d5 3. Nd2 Bb4 4. c3 Ba5 5. e5 Nc6 6. Qg4 Nge7 7. Qxg7 Rg8 8.
Qxh7 b5 9. Bxb5 Bd7 10. g3 Rb8 11. a4 a6 12. Bxa6 Bc8 13. Bb5 Bd7 14. Ndf3
Qc8 15. Ng5 Rf8 16. h4 Nxd4 17. Bxd7+ Qxd7 18. b4 Nb3 19. Rb1 Nxc1 20. Rxc1
Bb6 21. a5 Ba7 22. Qd3 Qc6 23. N1f3 Nf5 24. O-O Rd8 25. Kg2 Qd7 26. Nd4 Nxd4
27. cxd4 c6 28. Rfd1 Qe7 29. Qa6 Rc8 30. Qxc8+ {Black resigns} 1-0

[Event "ICCopen2017"]
[Site "Internet Chess Club"]
[Date "2017.03.19"]
[Round "1"]
[White "Shafkat"]
[Black "LittleMaster"]
[Result "0-1"]
[ICCResult "White forfeits on time"]
[WhiteElo "1551"]
[BlackElo "2296"]
[Opening "Sicilian: Labourdonnais-Löwenthal (Kalashnikov) variation"]
[ECO "B32"]
[NIC "SI.32"]
[Time "19:01:00"]
[TimeControl "180+0"]

1. e4 c5 2. Nf3 Nc6 3. d4 cxd4 4. Nxd4 e5 5. Nb5 d6 6. N1c3 a6 7. Na3 Nf6 8.
Bg5 Be7 9. g3 b5 10. Nd5 Nxd5 11. exd5 Nd4 12. Bxe7 Qxe7 13. c3 Nf5 14. Bg2
O-O 15. Nc2 Nh6 16. O-O f5 17. f4 e4 18. Ne3 Bb7 19. a4 Rfc8 20. axb5 axb5
21. Rxa8 Rxa8 22. Qd4 Qc7 23. h3 Ra4 24. Qd2 Qb6 25. Kh1 g6 26. g4 Bc8 27.
g5 Nf7 28. h4 b4 29. Rc1 b3 30. Qe2 Ba6 31. Qd2 Ra2 32. h5 Bd3 33. hxg6 hxg6
34. Bf1 Bxf1 35. Nxf1 Kg7 36. Ne3 Ra8 37. c4 Rh8+ 38. Kg2 Rh4 39. Kg3 Rh7
40. Rd1 Qc5 41. Qd4+ Qxd4 42. Rxd4 Rh1 43. Rd2 Rc1 44. Kf2 Nd8 45. Ke2 Nb7
46. Rd1 Rxd1 47. Kxd1 Nc5 48. Kd2 Nd3 49. Kc3 Nxf4 50. Kxb3 Nh3 51. Kb4 f4
52. Nf1 e3 53. c5 dxc5+ 54. Kxc5 e2 55. d6 Nxg5 56. d7 exf1=Q 57. d8=Q Ne6+
58. Kd6 Nxd8 59. Kc7 Nf7 60. Kd7 f3 61. b3 f2 {White forfeits on time} 0-1

[Event "ICCopen2017"]
[Site "Internet Chess Club"]
[Date "2017.03.19"]
[Round "1"]
[White "doug50"]
[Black "wagnerbi"]
[Result "0-1"]
[ICCResult "White forfeits on time"]
[WhiteElo "1199"]
[BlackElo "1853"]
[Opening "Trompowsky attack (Ruth, Opocenský opening)"]
[ECO "A45"]
[NIC "QP.07"]
[Time "19:01:31"]
[TimeControl "180+0"]

1. d4 Nf6 2. Bg5 g6 3. Bxf6 exf6 4. Nf3 f5 5. e3 Bg7 6. Bd3 O-O 7. c3 c5 8.
Nbd2 d6 9. Qc2 Nc6 10. dxc5 dxc5 11. O-O Be6 12. a3 Rc8 13. Rac1 Na5 14. Qb1
c4 15. Be2 Nc6 16. Nd4 Nxd4 17. exd4 b5 18. Nf3 Bd5 19. Rfe1 Qc7 20. Qc2 Be4
21. Qd2 Rfe8 22. Bd1 Qb7 23. Be2 h6 24. Qf4 g5 25. Qd2 Bf6 26. h3 Rcd8 27.
Kf1 Kg7 28. Kg1 g4 29. hxg4 fxg4 30. Nh2 Bg5 31. Qd1 Bxc1 32. Qxc1 f5 33. f3
g3 {White forfeits on time} 0-1